 Dungeon Crawl Stone Soup version 0.30.1-11-g7821555f0a (webtiles) character file.

Game seed: 2654809802553412235

71 jfcaron the Ruffian (level 4, -2/44 HPs)
             Began as an Ogre Transmuter on Nov 14, 2023.
             Slain by Terence
             ... wielding a +0 hand axe
              (4 damage)
             ... on level 2 of the Dungeon.
             The game lasted 00:04:34 (1395 turns).

jfcaron the Ruffian (Ogre Transmuter)               Turns: 1395, Time: 00:04:34

Health: -2/44      AC:  3    Str: 16    XL:     4   Next: 24%
Magic:  2/8        EV: 10    Int: 14    God:
Gold:   78         SH:  0    Dex:  9    Spells: 2/8 levels left

rFire   . .          .
                       - Unarmed
rCold   . . .        (no shield)
rNeg    . . .        a - +0 robe
rPois   .            (helmet currently unavailable)
rElec   .            (no cloak)
rCorr   .            (gloves unavailable)
SInv    .            (boots unavailable)
Will    .....        (no amulet)
Stlth   +            (no ring)
HPRegen 0.27/turn    (no ring)
MPRegen 0.11/turn

%: no passive effects
@: appendages (expiring), very slightly contaminated
A: horns 2, talons 2, large, unfitting armour, tough skin 1
a: End Transformation


You were on level 2 of the Dungeon.
You had temporarily grown beastly horns and talons.
You visited 1 branch of the dungeon, and saw 2 of its levels.

You collected 78 gold pieces.

Inventory:

Hand Weapons
 b - a +0 dagger of venom
   (You took it off a goblin on level 1 of the Dungeon)
Missiles
 f - 2 javelins
 g - 5 stones
 i - a poisoned dart
Armour
 a - a +0 robe (worn)
Jewellery
 c - a ring of ice
   (You found it on level 1 of the Dungeon)
Potions
 d - a potion of magic
 e - a potion of brilliance


   Skills:
 + Level 2.4 Fighting
 + Level 2.1 Dodging
 * Level 3.4 Unarmed Combat
 + Level 2.9 Spellcasting
 + Level 2.3 Transmutations


You had 2 spell levels left.
You knew the following spells:

 Your Spells              Type           Power      Damage    Failure   Level
a - Beastly Appendage     Tmut           16%        N/A       9%          1
b - Wereblood             Tmut           8%         N/A       13%         2
c - Spider Form           Tmut/Pois      5%         N/A       38%         3

Your spell library contained the following spells:

 Spells                   Type           Power      Damage    Failure   Level
 Ice Form                 Ice/Tmut       5%         N/A       80%         4


Dungeon Overview and Level Annotations

Branches:
Dungeon (2/15)

Altars:

Annotations:
D:2 Terence


Innate Abilities, Weirdness & Mutations

You have temporarily grown beastly horns and talons.
You are too large for most types of armour.
You have tough skin. (AC +1)


Message History

You see here a poisoned dart.
i - a poisoned dart Terence hits you with a +0 hand axe!
* * * LOW HITPOINT WARNING * * *
Okay, then.
Unknown command.
Casting: Beastly Appendage (safe; 9% risk of failure)
Confirm with . or Enter, or press ? or * to list all spells.
Okay, then.
Unknown command.
Okay, then.
Casting: Beastly Appendage (safe; 9% risk of failure)
Confirm with . or Enter, or press ? or * to list all spells.
The spell is quite dangerous to miscast (38% risk of failure)!
Continue anyway?
You miscast Spider Form.
You are very lightly contaminated with residual magic.
Nothing appears to happen.
Terence hits you with a +0 hand axe.
* * * LOW HITPOINT WARNING * * *
Casting: Spider Form (quite dangerous; 38% risk of failure)
Confirm with . or Enter, or press ? or * to list all spells.
The spell is quite dangerous to miscast (38% risk of failure)!
Continue anyway?
You miscast Spider Form.
Nothing appears to happen.
Terence hits you with a +0 hand axe.
* * * LOW HITPOINT WARNING * * *
Your transformation is almost over.
Casting: Spider Form (quite dangerous; 38% risk of failure)
Confirm with . or Enter, or press ? or * to list all spells.
You don't have enough magic to cast this spell.
Terence is nearby!
Terence attacks as you move away! Terence closely misses you.
Found a potion of heal wounds.
Terence attacks as you move away! Terence hits you with a +0 hand axe.
* * * LOW HITPOINT WARNING * * *
A hobgoblin comes into view.
Found 17 gold pieces.
Terence attacks as you move away! Terence closely misses you.
Terence says, "Don't bother to defend, it's useless."
The hobgoblin barely misses you. Terence attacks as you move away!
Terence hits you with a +0 hand axe.
You die...

*#........(....#**,,,,*,,,,,,,,,*
*#..............,,,,,,,,,,,,,,,,+
*#[...........#******,*,,,,,,,,,*
*#....†)...#### *,*,,,,,*****
,+....<)......# *,******* *
*#....)...###.### *,**** *
*#..........#...# *,,,,* *
............###@########,* *
#..........?#...@g.....#,********
#...................$..#,,,,,,,,,
#.........#.#...!......#*********
#.....#####.#..........# *
*****,*** *,#..........# *
,,,,,,,,* *,#..........# *
,,,,,,*,***,#..........# *
,,,,,,,,,,,,#..........#
,,,,,,,,,****,,,,,,,,,,**********


You could see Terence and a hobgoblin.

Vanquished Creatures
  Robin (D:2)
  An adder (D:1)
  A dart slug (D:1)
  4 ball pythons (D:1)
  6 endoplasms
  8 goblins
  10 hobgoblins
  4 jackals (D:2)
  A quokka (D:1)
  3 bats (D:1)
  A frilled lizard (D:1)
  A kobold (D:1)
  2 rats
43 creatures vanquished.

Notes
Turn   | Place    | Note
-------+----------+-------------------------------------------
     0 | D:1      | jfcaron the Ogre Transmuter began the quest for the Orb.
     0 | D:1      | Reached XP level 1. HP: 19/19 MP: 3/3
    83 | D:1      | Found a faded altar of an unknown god.
   307 | D:1      | Reached XP level 2. HP: 27/27 MP: 3/5
   479 | D:1      | Reached skill level 3 in Unarmed Combat
   482 | D:1      | Learned a level 2 spell: Wereblood
   822 | D:1      | Reached XP level 3. HP: 32/35 MP: 5/7
   826 | D:1      | Learned a level 3 spell: Spider Form
  1298 | D:2      | Noticed Robin
  1354 | D:2      | Killed Robin
  1355 | D:2      | Reached XP level 4. HP: 44/44 MP: 6/8
  1361 | D:2      | Noticed Terence
  1384 | D:2      | HP: 6/44 [Terence/+0 hand axe (7)]
  1392 | D:2      | HP: 1/44 [Terence/+0 hand axe (3)]
  1395 | D:2      | Slain by Terence

Illustrated notes

Levels and vault maps discovered:
D:1:      nicolae_arrival_memento_mori, layout_basic,
          ebering_ecumenical_altar_mist
D:2:      layout_basic, st_stairs_12, uniq_natasha, uniq_terence, uniq_robin

Skill      XL: |  1  2  3 |
---------------+----------+-----
Transmutations | 2 |  2.3
Unarmed Combat | 3 |  3.4
Dodging        | 2 |  2.1
Fighting       | 2 |  2.4
Spellcasting   | |  2.9

Action                     |  1- 3 |  4- 6 || total
---------------------------+-------+-------++-------
  Melee: Unarmed           |    88 |    22 ||   110
         Kick              |    18 |     4 ||    22
         Headbutt          |    12 |     2 ||    14
         Punch             |     1 |       ||     1
  Throw: Javelin           |     3 |     1 ||     4
         Dart              |     2 |       ||     2
         Stone             |       |     2 ||     2
   Cast: Beastly Appendage |    20 |     1 ||    21
    Use: Scroll            |     3 |       ||     3
         Potion            |     2 |       ||     2
   Stab: Sleeping          |     1 |       ||     1
 Armour: Skin              |     6 |       ||     6
         Robe              |    27 |     3 ||    30
  Dodge: Dodged            |    47 |    12 ||    59

Table legend: (Time is in decaauts)
 A = Elapsed time spent in this place.
 B = Non-inter-level travel time spent in this place.
 C = Inter-level travel time spent in this place.
 D = Time resting spent in this place.
 E = Time spent auto-exploring this place.
 F = Levels seen in this place.
 G = Mean time per level.
                   A        B        C        D        E       F      G
               +--------+--------+--------+--------+--------+-----+--------+
         Total |   1393 |   1348 |     45 |    164 |    927 |   2 |  696.5 |
       Dungeon |   1393 |   1348 |     45 |    164 |    927 |   2 |  696.5 |
               +--------+--------+--------+--------+--------+-----+--------+

Top non-repeatable levels by time:
     D:1: 1317 daAuts
     D:2: 75 daAuts

Table legend:
 A = Kills in this place as a percentage of kills in the entire game.
 B = Kills by you in this place as a percentage of kills by you in the entire game.
 C = Kills by friends in this place as a percentage of kills by friends in the entire game.
 D = Other kills in this place as a percentage of other kills in the entire game.
 E = Experience gained in this place as a percentage of experience gained in the entire game.
 F = Experience gained in this place divided by the number of levels of this place that you have seen.
                   A       B       C       D       E      F
               +-------+-------+-------+-------+-------+----------------------
         Total | 100.0 | 100.0 |   N/A |   N/A | 100.0 |  51.0
       Dungeon | 100.0 | 100.0 |   N/A |   N/A | 100.0 |  51.0
               +-------+-------+-------+-------+-------+----------------------

Levels and vault maps discovered:
D:1:      nicolae_arrival_memento_mori, layout_basic,
          ebering_ecumenical_altar_mist
D:2:      layout_basic, st_stairs_12, uniq_natasha, uniq_terence, uniq_robin
